 Dungeon Crawl Stone Soup version 0.29.1-2-gbd0b4ee654 (webtiles) character file.

Game seed: 13122542719287234210

42 Felido the Magician (level 3, -1/19 HPs)
             Began as a Deep Elf Hedge Wizard on Oct 29, 2022.
             Slain by Terence
             ... wielding a +0 mace
              (7 damage)
             ... on level 2 of the Dungeon.
             The game lasted 00:06:37 (1960 turns).

Felido the Magician (Deep Elf Hedge Wizard)         Turns: 1960, Time: 00:06:37

Health: -1/19      AC:  2    Str:  7    XL:     3   Next: 35%
Magic:  8/11       EV: 12    Int: 26    God:
Gold:   72         SH:  0    Dex: 14    Spells: 11/12 levels left

rFire   . . .      SeeInvis .   a - +0 dagger
rCold   . . .      Faith    .   (no shield)
rNeg    . . .      Spirit   .   b - +0 robe
rPois   .          Reflect  .   c - +0 hat
rElec   .          Harm     .   (no cloak)
rCorr   .          Rampage  .   (no gloves)
Will    .....                   (no boots)
Stlth   ++........              (no amulet)
HPRegen 0.06/turn               h - +6 ring of intelligence
MPRegen 0.12/turn               (no ring)

@: no status effects
A: no striking features
a: no special abilities


You were on level 2 of the Dungeon.
You visited 1 branch of the dungeon, and saw 2 of its levels.

You collected 72 gold pieces.

Inventory:

Hand Weapons
 a - a +0 dagger (weapon)
 e - a +0 rapier
Missiles
 j - a throwing net
Armour
 b - a +0 robe (worn)
 c - a +0 hat (worn)
Jewellery
 h - a +6 ring of intelligence (left hand)
Scrolls
 f - 2 scrolls of identify {unknown}
 g - a scroll of immolation {unknown}
 i - a scroll of vulnerability {unknown}
 k - a scroll of teleportation {unknown}
Potions
 d - a potion of magic
 l - a potion of curing {unknown}


   Skills:
 + Level 0.1 Fighting
 + Level 1.0 Short Blades
 + Level 2.8 Dodging
 + Level 2.8 Stealth
 + Level 5.2 Spellcasting
 + Level 1.5 Conjurations
 + Level 1.1 Summonings
 + Level 1.1 Translocations


You had 11 spell levels left.
You knew the following spells:

 Your Spells              Type           Power      Damage    Failure   Level
a - Magic Dart            Conj           56%        1d5       4%          1

Your spell library contained the following spells:

 Spells                   Type           Power      Damage    Failure   Level
 Shock                    Conj/Air       40%        1d5       5%          1
 Blink                    Tloc           24%        N/A       7%          2
 Call Imp                 Summ           12%        N/A       7%          2
 Slow                     Hex            24%        N/A       8%          1
 Conjure Flame            Conj/Fire      10%        6-21      17%         3
 Mephitic Cloud           Conj/Pois/Air  9%         N/A       19%         3
 Swiftness                Air            6%         N/A       22%         3
 Airstrike                Air            3%         2d(1-17)  58%         4


Dungeon Overview and Level Annotations

Branches:
Dungeon (2/15)

Altars:

Annotations:
D:2 Terence


Message History

Aiming: Magic Dart (safe; 4% risk of failure)
Press: ? - help, Shift-Dir - straight line, f/p - Terence
Aim: Terence, wielding a +0 mace and wearing a +0 chain mail (100% to hit)
The magic dart hits Terence.
Terence is lightly wounded.
Casting: Magic Dart (safe; 4% risk of failure)
Confirm with . or Enter, or press ? or * to list all spells.
Aiming: Magic Dart (safe; 4% risk of failure)
Press: ? - help, Shift-Dir - straight line, f/p - Terence
Aim: Terence, wielding a +0 mace and wearing a +0 chain mail (lightly wounded, 100% to hit)
The magic dart hits Terence but does no damage.
Terence is lightly wounded.
Casting: Magic Dart (safe; 4% risk of failure)
Confirm with . or Enter, or press ? or * to list all spells.
Aiming: Magic Dart (safe; 4% risk of failure)
Press: ? - help, Shift-Dir - straight line, f/p - Terence
Aim: Terence, wielding a +0 mace and wearing a +0 chain mail (lightly wounded, 100% to hit)
The magic dart hits Terence but does no damage.
Terence is lightly wounded.
Casting: Magic Dart (safe; 4% risk of failure)
Confirm with . or Enter, or press ? or * to list all spells.
Aiming: Magic Dart (safe; 4% risk of failure)
Press: ? - help, Shift-Dir - straight line, f/p - Terence
Aim: Terence, wielding a +0 mace and wearing a +0 chain mail (lightly wounded, 100% to hit)
The magic dart hits Terence.
Terence is heavily wounded.
Terence attacks as you move away! Terence closely misses you.
Okay, then.
Terence hits you with a +0 mace. Terence attacks as you move away!
Terence misses you. Terence attacks as you move away! Terence misses you.
Okay, then.
Casting: Magic Dart (safe; 4% risk of failure)
Confirm with . or Enter, or press ? or * to list all spells.
Okay, then.
Memorise Blink, consuming 2 spell levels and leaving 9?
Terence hits you with a +0 mace!
Your memorisation is interrupted.
Ouch! That really hurt!
Terence attacks as you move away! Terence hits you with a +0 mace!
You die...

....# #.....)...## ....#
######+#...# ....#
#.###.# ....# #.....#
....# ####..# ....#
#####..# ....# #......#
'###########'####@#######
.# ...........@........
.# ....................
.# .........###.#######
.# #######.## #.########
## #.# #.........
.###########.# #..######.
.............# #..#...
.########....#####.#.# .
.#...................#...


You could see Terence.

Vanquished Creatures
  An adder (D:2)
  3 worms (D:2)
  3 giant cockroaches
  3 goblins
  3 hobgoblins
  A quokka (D:1)
  4 ball pythons
  2 frilled lizards (D:1)
  A kobold (D:1)
  6 rats
27 creatures vanquished.

Notes
Turn   | Place    | Note
-------+----------+-------------------------------------------
     0 | D:1      | Felido the Deep Elf Hedge Wizard began the quest for the
                  | Orb.
     0 | D:1      | Reached XP level 1. HP: 10/10 MP: 7/7
   516 | D:1      | Reached skill level 5 in Spellcasting
   516 | D:1      | Reached XP level 2. HP: 15/15 MP: 2/10
   954 | D:1      | Found a faded altar of an unknown god.
  1528 | D:2      | Reached XP level 3. HP: 14/19 MP: 2/11
  1790 | D:2      | Reached skill level 1 in Short Blades
  1937 | D:2      | Noticed Terence
  1960 | D:2      | Slain by Terence

Illustrated notes

Levels and vault maps discovered:
D:1:      dpeg_arrival_simpleton_c, layout_basic,
          dilly_ecumenical_altar_fadedgnrine
D:2:      layout_basic, glass_columns_c, minmay_misc_feat_more_columns,
          uniq_terence

Skill      XL: |  1  2  3 |
---------------+----------+-----
Spellcasting   | 5 |  5.2
Short Blades   | 1 |  1.0
Fighting       | |  0.1
Dodging        | |  2.8
Stealth        | |  2.8
Conjurations   | |  1.5
Summonings     | |  1.1
Translocations | |  1.1

Action                   || total
-------------------------++-------
Melee: Dagger            ||    47
       Punch             ||     1
 Cast: Magic Dart        ||    61
 Stab: Sleeping          ||     3
Armor: Robe              ||     5
Dodge: Dodged            ||    31
